 Dungeon Crawl Stone Soup version 0.31.0-9-g3a7656b989 (webtiles) character file.

Game seed: 10143693111666291616

46 Serpentrepent the Grave Robber (level 3, -4/19 HPs)
             Began as a Deep Elf Necromancer on Jan 25, 2024.
             Slain by a gnoll
             ... wielding a +0 spear
              (6 damage)
             ... on level 3 of the Dungeon.
             The game lasted 00:07:12 (2880 turns).

Serpentrepent the Grave Robber (DENe)               Turns: 2880, Time: 00:07:14

Health: -4/19      AC:  2    Str:  5    XL:     3   Next: 44%
Magic:  2/10       EV: 12    Int: 21    God:
Gold:   78         SH:  0    Dex: 15    Spells: 8/9 levels left

rFire   . . .        (no weapon)
rCold   . . .        (no shield)
rNeg    . . .        a - +0 robe
rPois   .            (no helmet)
rElec   .            (no cloak)
rCorr   .            (no gloves)
SInv    .            (no boots)
Will    .....        (no amulet)
Stlth   ++           (no ring)
HPRegen 0.23/turn    (no ring)
MPRegen 0.12/turn

%: no passive effects
@: no status effects
A: no striking features
a: no special abilities


You were on level 3 of the Dungeon.
You visited 1 branch of the dungeon, and saw 3 of its levels.

You collected 78 gold pieces.

Inventory:

Armour
 a - a +0 robe (worn)
Talismans
 o - a maw talisman
Scrolls
 e - 5 scrolls of identify {unknown}
 f - 3 scrolls of enchant weapon {unknown}
 i - a scroll of torment {unknown}
 l - 2 scrolls of noise {unknown}
 m - a scroll of teleportation {unknown}
 n - a scroll of enchant armour {unknown}
Potions
 b - a potion of magic
 c - a potion of degeneration {unknown}
 d - a potion of lignification {unknown}
 g - a potion of haste {unknown}
 h - a potion of mutation {unknown}
 j - a potion of berserk rage {unknown}
 k - 2 potions of curing {unknown}
 p - a potion of ambrosia {unknown}


   Skills:
 + Level 2.4 Dodging
 + Level 2.4 Stealth
 + Level 3.8 Spellcasting
 + Level 5.9 Necromancy


You had 8 spell levels left.
You knew the following spells:

 Your Spells              Type           Power      Damage    Failure   Level
a - Necrotise             Necr           100%       1d9       1%          1

Your spell library contained the following spells:

 Spells                   Type           Power      Damage    Failure   Level
 Vampiric Draining        Necr           29%        2d8       3%          3
 Animate Dead             Necr           29%        N/A       11%         4
 Curse of Agony           Necr           29%        N/A       28%         5


Dungeon Overview and Level Annotations

Branches:
Dungeon (3/15)

Altars:
Hepliaklqana


Message History

Press: ? - help, Shift-Dir - straight line, f/p - frilled lizard
Aim: a frilled lizard (ally target, chance to affect: 93%)
The frilled lizard barely resists.
The bat closely misses you.
Your goblin skeleton hits the frilled lizard.
The gnoll hits you from afar with a +0 spear!
The frilled lizard closely misses you.
Your goblin skeleton hits the frilled lizard.
The frilled lizard dies!
The bat closely misses you.
There is an open door here.
Casting: Necrotise (safe; 1% risk of failure)
Confirm with . or Enter, or press ? or * to list all spells.
Aiming: Necrotise (safe; 1% risk of failure)
Press: ? - help, Shift-Dir - straight line, f - bat
Aim: a bat (chance to affect: 93%)
The bat barely resists.
The bat hits you but does no damage. The bat closely misses you.
The gnoll misses you.
Casting: Necrotise (safe; 1% risk of failure)
Confirm with . or Enter, or press ? or * to list all spells.
Aiming: Necrotise (safe; 1% risk of failure)
Press: ? - help, Shift-Dir - straight line, f/p - bat
Aim: a bat (ally target, chance to affect: 93%)
The bat writhes in agony.
The bat barely misses you.
The gnoll hits you from afar with a +0 spear!
* * * LOW HITPOINT WARNING * * *
The gnoll hits you from afar with a +0 spear.
* * * LOW HITPOINT WARNING * * *
Something hits your goblin skeleton. The quokka barely misses you.
Something barely misses your goblin skeleton.
The gnoll hits your goblin skeleton with a +0 spear.
Something hits your goblin skeleton. The quokka closely misses you.
Casting: Necrotise (safe; 1% risk of failure)
Confirm with . or Enter, or press ? or * to list all spells.
Aiming: Necrotise (safe; 1% risk of failure)
Press: ? - help, Shift-Dir - straight line, f - quokka
Aim: a quokka (chance to affect: 93%)
The quokka writhes in agony.
Something hits your goblin skeleton. x2
Your goblin skeleton is destroyed!
The gnoll hits you from afar with a +0 spear.
You die...

#.........#
#.........#
#<........#
####'#+####
#######...#..
#...wZ...##.#
#.######w##.#
#.#....Z.##r#
#.#.####.##@#
#.#Z#######'###
#g#......#.g.b#
.w######.#.g..#
..# #.#....#
...# ##'##'###
...# #.......#
....# #.......#
.....g.....#


You could see 2 gnolls and a quokka.

Vanquished Creatures
  A gnoll (D:3)
  An adder (D:2)
  2 endoplasms (D:1)
  4 goblins
  4 hobgoblins
  2 quokkas
  A ball python (D:2)
  2 bats
  2 frilled lizards (D:2)
  2 kobolds
  5 rats
26 creatures vanquished.

Vanquished Creatures (collateral kills)
  2 frilled lizards
2 creatures vanquished.

Grand Total: 28 creatures vanquished

Notes
Turn   | Place    | Note
-------+----------+-------------------------------------------
     0 | D:1      | Serpentrepent the Deep Elf Necromancer began the quest for
                  | the Orb.
     0 | D:1      | Reached XP level 1. HP: 10/10 MP: 6/6
   496 | D:1      | Reached skill level 5 in Necromancy
   793 | D:1      | Reached XP level 2. HP: 15/15 MP: 5/8
  1915 | D:2      | Reached XP level 3. HP: 19/19 MP: 4/9
  2495 | D:2      | Found a hazy altar of Hepliaklqana.
  2880 | D:3      | Slain by a gnoll

Illustrated notes

Levels and vault maps discovered:
D:1:      nagdon_arrival_double_spiral, layout_basic
D:2:      layout_loops_ring, basic_altar, kennysheep_flooded_box, minmay_tall_x
D:3:      layout_basic, gammafunk_ghost_cemetery, gup_sewer_entry_bowl

Skill      XL: |  1 |
---------------+----+-----
Necromancy     | 5 |  5.9
Dodging        | |  2.4
Stealth        | |  2.4
Spellcasting   | |  3.8

Action                     || total
---------------------------++-------
  Melee: Unarmed           ||    11
   Cast: Necrotise         ||    51
 Armour: Robe              ||    13
  Dodge: Dodged            ||    23
